 Seeded DCSS version 0.30-a0-279-g4b46babb21 (webtiles) character file.

Game seed: 9700494114414739991 (custom seed)

32 hikkokomori the Trooper (level 3, 24/24 HPs)
             Began as a Gargoyle Berserker on Oct 17, 2022.
             Was a Believer of Trog.
             Got out of the dungeon alive.
             The game lasted 00:02:12 (560 turns).

hikkokomori the Trooper (Gargoyle Berserker)         Turns: 560, Time: 00:02:13

Health: 24/24      AC:  8    Str: 26    XL:     3   Next: 25%
Magic:  3/3        EV: 12    Int:  7    God:    Trog [**....]
Gold:   13         SH:  0    Dex: 17    Spells: 2/2 levels left

rFire   . . .      SeeInvis .    a - +0 hand axe
rCold   . . .      Faith    .    (no shield)
rNeg    + . .      Spirit   .    b - +0 animal skin
rPois   ∞          Reflect  .    (no helmet)
rElec   +          Harm     .    (no cloak)
rCorr   .          Rampage  .    (no gloves)
Will    .....                    g - +2 pair of boots "Atezayss" {Str+4}
Stlth   ++........               (no amulet)
HPRegen 0.24/turn                h - ring "Tenoich" {rPois Str+2 Dex+6}
MPRegen 0.08/turn                (no ring)

@: studying Dodging
A: sickness immunity, AC +3, negative energy resistance 1, electricity
resistance, torment resistance 1, petrification resistance
a: Renounce Religion, Berserk, Trog's Hand


You escaped.
You worshipped Trog.
Trog was pleased with you.
You visited 1 branch of the dungeon, and saw 1 of its levels.

You collected 13 gold pieces.

Inventory:

Hand Weapons
 a - a +0 hand axe (weapon)
Armour
 b - a +0 animal skin (worn)
 g - the +2 pair of boots "Atezayss" (worn) {Str+4}
   (You acquired it on level 1 of the Dungeon)

   Str:       It affects your strength (+4).
Jewellery
 c - a ring of protection from cold
 h - the ring "Tenoich" (left hand) {rPois Str+2 Dex+6}
   (You acquired it on level 1 of the Dungeon)

   [ring of dexterity]

   Str:       It affects your strength (+2).
   Dex:       It affects your dexterity (+6).
   rPois:     It protects you from poison.
Scrolls
 e - a scroll of fog {unknown}
 f - a scroll of amnesia {unknown}
Potions
 d - 3 potions of berserk rage {unknown}


   Skills:
 + Level 3.6 Fighting
 + Level 3.0 Axes
 + Level 2.7 Armour
 + Level 2.0 Dodging


You had 2 spell levels left.
You didn't know any spells.
Your spell library was empty.

Dungeon Overview and Level Annotations

Branches:
Dungeon (1/15)

Altars:


Innate Abilities, Weirdness & Mutations

You are immune to sickness and miasma.
Your stone body is resilient. (AC +3)
You are immune to poison.
You resist negative energy. (rN+)
You are resistant to electric shocks. (rElec)
You are resistant to unholy torment.
You are immune to petrification.


Message History

The ball python grabs you. The ball python constricts you.
You slash the ball python!
You kill the ball python!
Trog accepts your kill.
No target in view!
No target in view!
No target in view!
No target in view!
No target in view!
No target in view!
No target in view!
No target in view!
No target in view!
Done exploring.
Done exploring.
Done exploring.
Done exploring.
Done exploring.
No target in view!
This is a scroll of acquirement!
You see here a manual of Dodging.
Something appears at your feet!
You pick up a manual of Dodging and begin studying.
Something appears at your feet!
h - the ring "Tenoich" {rPois Str+2 Dex+6} Something appears at your feet!
g - the +2 pair of boots "Atezayss" {Str+4} You feel agile.
You feel stronger.
h - the ring "Tenoich" (left hand) {rPois Str+2 Dex+6} You start putting on your armour.
You continue putting on the +2 pair of boots "Atezayss" {Str+4}. x4
You finish putting on the +2 pair of boots "Atezayss" {Str+4}.
You feel stronger.
Unknown command.
Okay, then.
You see here 5 poisoned darts.
There is a broken door here.
You see here a +0 club.
There is a staircase leading out of the dungeon here.
Are you sure you want to leave the Dungeon?
This will make you lose the game!
You have escaped!

#...## ###.#......###.
#.#..#####.#....(.# #.
#.##.......#.#....# ##
#.########........##
#..# #.........# ##.#
#.......#.## #.#
#....(.....## #.####
#...........#
######@######...#......
#...........#..........
##'####+####)#..##.##...
#..#.##.)...)...##.##...
#..........#######..###.
#.........## ##.####
#.........#########.....
#...............>.......
#.....)...##############


There were no monsters in sight!

Vanquished Creatures
  A dart slug (D:1)
  An endoplasm (D:1)
  3 giant cockroaches (D:1)
  2 goblins (D:1)
  3 hobgoblins (D:1)
  3 jackals (D:1)
  2 kobolds (D:1)
  2 quokkas (D:1)
  A ball python (D:1)
  9 frilled lizards (D:1)
27 creatures vanquished.

Vanquished Creatures (others)
  6 plants (D:1)
6 creatures vanquished.

Grand Total: 33 creatures vanquished

Notes
Turn   | Place    | Note
-------+----------+-------------------------------------------
     0 | D:1      | hikkokomori the Gargoyle Berserker began the quest for the
                  | Orb.
     0 | D:1      | Reached XP level 1. HP: 14/14 MP: 1/1
    97 | D:1      | Reached XP level 2. HP: 11/19 MP: 2/2
   341 | D:1      | Reached XP level 3. HP: 23/23 MP: 3/3
   371 | D:1      | Reached ** piety under Trog
   521 | D:1      | Identified 3 scrolls of acquirement
   521 | D:1      | Acquired a manual of Dodging
   523 | D:1      | Acquired the ring "Tenoich" {rPois Str+2 Dex+6}
   525 | D:1      | Acquired the +2 pair of boots "Atezayss" {Str+4}
   560 | D:$      | Got out of the dungeon alive.

Illustrated notes

Levels and vault maps discovered:
D:1:      minmay_arrival_three_doors, layout_rooms, minmay_lizard_king

Skill      XL: |  1  2  3 |
---------------+----------+-----
Dodging        | 2 |  2.0
Axes           | 3 |  3.0
Fighting       | |  3.6
Armour         | |  2.7

Action                   || total
-------------------------++-------
Melee: Hand axe          ||    89
       Punch             ||     1
  Use: Scroll            ||     3
Armor: Animal skin       ||    32
Dodge: Dodged            ||    56

Table legend: (Time is in decaauts)
 A = Elapsed time spent in this place.
 B = Non-inter-level travel time spent in this place.
 C = Inter-level travel time spent in this place.
 D = Time resting spent in this place.
 E = Time spent auto-exploring this place.
 F = Levels seen in this place.
 G = Mean time per level.
                   A        B        C        D        E       F      G
               +--------+--------+--------+--------+--------+-----+--------+
         Total |    573 |    539 |     34 |     60 |    288 |   1 |  573.0 |
       Dungeon |    573 |    539 |     34 |     60 |    288 |   1 |  573.0 |
               +--------+--------+--------+--------+--------+-----+--------+

Top non-repeatable levels by time:
     D:1: 573 daAuts
